 Dungeon Crawl Stone Soup version 0.20.0-8-g6b59dc7 (webtiles) character file.

1601 RKaid the Cleaver (level 8, -5/53 HPs)
             Began as a Gargoyle Berserker on May 30, 2017.
             Was an Elder of Trog.
             Killed from afar by a steam dragon (14 damage)
             ... with a ball of steam
             ... on level 6 of the Dungeon.
             The game lasted 00:09:41 (5444 turns).

RKaid the Cleaver (Gargoyle Berserker)              Turns: 5444, Time: 00:09:41

Health: -5/53      AC: 16    Str: 21 (22) XL:     8   Next: 94%
Magic:  17/17      EV:  8    Int:  6 (9)  God:    Trog [****..]
Gold:   254        SH:  0    Dex:  7 (9)  Spells: 7/7 levels left

rFire    . . .     SeeInvis .   a - +0 hand axe
rCold    . . .     Gourm    .   (no shield)
rNeg     + + .     Faith    .   G - +0 chain mail
rPois    ∞         Spirit   .   E - +1 helmet
rElec    +         Reflect  .   (no cloak)
rCorr    .         Harm     .   (no gloves)
MR       .....                  (no boots)
Stlth    ..........             (no amulet)
Regen    0.2/turn               z - ring of positive energy (curse) {rN+}
MPRegen  0.2/turn               s - ring of magical power {MP+9}

@: berserk cooldown, slowed, very slow
A: negative energy resistance 1, electricity resistance, unbreathing,
petrification resistance, rot immunity, AC +5
a: Berserk, Trog's Hand, Brothers in Arms, Burn Spellbooks, Renounce Religion


You were on level 6 of the Dungeon.
You worshipped Trog.
Trog was greatly pleased with you.
You were not hungry.

You visited 1 branch of the dungeon, and saw 6 of its levels.

You collected 254 gold pieces.

Inventory:

Hand Weapons
 a - a +0 hand axe (weapon)
 y - the +11 quarterstaff "Arcanum" {freeze, rElec SInv Stlth-, unknown}
   (You found it on level 4 of the Dungeon)

   It has been specially enchanted to freeze those struck by it, causing extra
   injury to most foes and up to half again as much damage against particularly
   susceptible opponents.
   It can also slow down cold-blooded creatures.
   It insulates you from electricity.
   It lets you see invisible.
   It makes you less stealthy.
Armour
 l - a +0 ring mail
   (You found it on level 1 of the Dungeon)
 E - a +1 helmet (worn)
   (You found it on level 4 of the Dungeon)
 G - a +0 chain mail (worn)
   (You took it off an orc priest on level 5 of the Dungeon)
Jewellery
 n - an uncursed ring of ice {rC+, rF-}
   (You found it on level 2 of the Dungeon)
 s - a ring of magical power (right hand) {MP+9}
   (You found it on level 3 of the Dungeon)
 z - a cursed ring of positive energy (left hand) {rN+}
   (You found it on level 5 of the Dungeon)
Wands
 t - a wand of flame (19/48)
   (You found it on level 3 of the Dungeon)
 v - a wand of confusion (39/48)
   (You found it on level 3 of the Dungeon)
Scrolls
 f - a scroll of teleportation {unknown}
 i - a scroll of identify
 k - a scroll of amnesia {unknown}
 o - a scroll of remove curse
 B - a scroll of random uselessness {unknown}
Potions
 d - 2 potions of haste {unknown}
 e - a potion of degeneration {!q}
 g - a potion of might {unknown}
 j - a potion of heal wounds {unknown}
 x - a potion of curing
 A - a potion of berserk rage {unknown}
 D - a potion of flight {unknown}
 F - a potion of ambrosia {unknown}
Comestibles
 b - 4 meat rations
 c - 4 bread rations
 h - 6 chunks of flesh
 u - 2 royal jellies


   Skills:
 + Level 7.6 Fighting
 * Level 8.7 Axes
 - Level 2.1 Armour
 - Level 1.5 Dodging


You had 7 spell levels left.
You didn't know any spells.

Dungeon Overview and Level Annotations

Branches:
Dungeon (6/15)             Temple (0/1) D:4

Altars:
Ashenzari
Cheibriados
Hepliaklqana
Kikubaaqudgha
Qazlal
Sif Muna
Trog
Yredelemnul
Zin
The Shining One

Annotations:
D:3 2 transporters
D:6 2 transporters


Innate Abilities, Weirdness & Mutations

You are resistant to torment.
Your stone body is resilient. (AC +5)
You are immune to poison.
You resist negative energy. (rN+)
You are resistant to electric shocks. (rElec)
You can survive without breathing.
You are immune to petrification.
You are immune to rotting.


Message History

A steam dragon comes into view.
You hit the steam dragon.
The steam dragon bites you but does no damage.
The steam dragon claws you but does no damage.
You closely miss the steam dragon.
You are engulfed in a cloud of scalding steam.
The steam dragon barely misses you. x2
You closely miss the steam dragon. The steam dragon breathes steam at you.
The ball of steam misses you.
You hear an angry hiss.
You hit the steam dragon but do no damage.
You hit the steam dragon.
You are engulfed in a cloud of scalding steam.
The steam dragon bites you but does no damage.
The steam dragon claws you.
Unknown command.
You hit the steam dragon. You closely miss the steam dragon.
You are engulfed in a cloud of scalding steam.
The steam dragon closely misses you.
The steam dragon claws you but does no damage.
You hit the steam dragon.
Your chain mail prevents you from hitting the steam dragon.
The steam dragon bites you.
The steam dragon claws you but does no damage.
The steam dragon bites you.
The steam dragon claws you but does no damage.
You hit the steam dragon but do no damage.
You hit the steam dragon.
You are engulfed in a cloud of scalding steam.
The steam dragon breathes steam at you. The ball of steam misses you.
The steam dragon closely misses you. The steam dragon barely misses you.
A red film seems to cover your vision as you go berserk!
You feel yourself moving faster!
You feel mighty!
You feel a lot more hungry.
The steam dragon bites you but does no damage.
The steam dragon claws you but does no damage.
The steam dragon bites you but does no damage.
The steam dragon claws you.
You hit the steam dragon. You slash the steam dragon!
The steam dragon closely misses you.
The steam dragon claws you but does no damage.
The steam dragon bites you.
The steam dragon claws you but does no damage.
You slash the steam dragon! You barely miss the steam dragon.
You slash the steam dragon! x2; The steam dragon completely misses you.
The steam dragon barely misses you. The steam dragon bites you.
The steam dragon claws you but does no damage.
You slash the steam dragon!
You kill the steam dragon!
Trog accepts your kill.
The steam dragon scales are intact enough to wear.
You hit the steam dragon.
The steam dragon bites you but does no damage.
The steam dragon claws you but does no damage.
You closely miss the steam dragon.
Unknown command.
You barely miss the steam dragon. The steam dragon bites you!
The steam dragon claws you.
You slash the steam dragon!
You kill the steam dragon!
Trog accepts your kill.
A steam dragon comes into view.
You see here a steam dragon corpse.
You butcher the steam dragon corpse.
You feel a strong urge to attack something.
The steam dragon hisses angrily.
Things that are here:
4 chunks of flesh; a steam dragon skeleton You are no longer berserk.
You are exhausted.
You feel yourself slow down.
You closely miss the steam dragon. The steam dragon breathes steam at you.
The ball of steam hits you!
* * * LOW HITPOINT WARNING * * *
The steam dragon bites you but does no damage.
The steam dragon claws you.
* * * LOW HITPOINT WARNING * * *
You hit the steam dragon.
You are engulfed in a cloud of scalding steam.
The steam dragon barely misses you. The steam dragon closely misses you.
Okay, then.
Okay, then.
It was a potion of curing.
You feel better.
You are engulfed in a cloud of scalding steam.
* * * LOW HITPOINT WARNING * * *
The steam dragon bites you but does no damage.
The steam dragon barely misses you.
You feel better.
The steam dragon bites you but does no damage.
The steam dragon claws you but does no damage.
The steam dragon bites you but does no damage.
The steam dragon claws you but does no damage.
It was a potion of degeneration.
There was something very wrong with that liquid.
You feel weakened.
You feel dopey.
You feel clumsy. The steam dragon breathes steam at you.
The ball of steam hits you!
You die...

#####
####.≈≈##
##=#...≈≈#
#....[8(≈#
#..#.%..≈##
#.###.@D.≈#
#.# ####.≈#
#.### ≈#
#...# #
#.#[# #.#.#
#.#.# #.#.#
#.#.#


You could see a steam dragon.

Vanquished Creatures
  2 steam dragons (D:6)
  Menkaure (D:5)
  The ghost of Turtleman12345 the Magician, an amateur DEWz (D:4)
  2 phantoms (D:5)
  2 ice beasts
  A bullfrog (D:6)
  2 scorpions
  A howler monkey (D:5)
  2 crimson imps
  A jelly (D:6)
  2 orc priests (D:5)
  An orc wizard (D:5)
  A bullfrog skeleton (D:4)
  Natasha (D:3)
  2 worker ants
  A killer bee zombie (D:5)
  10 adders
  A shadow imp (D:5)
  2 oozes
  3 adder zombies
  2 worms
  2 dart slugs
  4 leopard geckos
  16 orcs
  10 bats
  4 giant cockroaches
  4 goblins
  9 hobgoblins
  12 jackals
  2 ball pythons
  7 frilled lizards
  8 kobolds
  A quokka skeleton (D:5)
  7 rats
127 creatures vanquished.

Notes
Turn   | Place    | Note
-------+----------+-------------------------------------------
     0 | D:1      | RKaid the Gargoyle Berserker began the quest for the Orb.
     0 | D:1      | Reached XP level 1. HP: 14/14 MP: 1/1
   101 | D:1      | Reached skill level 3 in Axes
   146 | D:1      | Reached XP level 2. HP: 16/19 MP: 2/2
   819 | D:1      | Reached ** piety under Trog
   821 | D:1      | Reached XP level 3. HP: 21/24 MP: 3/3
  1485 | D:2      | Found a snail-covered altar of Cheibriados.
  1509 | D:2      | Reached XP level 4. HP: 28/29 MP: 4/4
  1563 | D:2      | Reached skill level 4 in Axes
  1596 | D:2      | Reached skill level 4 in Fighting
  1626 | D:2      | Found a glowing silver altar of Zin.
  1626 | D:2      | Found a deep blue altar of Sif Muna.
  1663 | D:2      | Found a shattered altar of Ashenzari.
  1919 | D:3      | Noticed Natasha
  1944 | D:3      | Killed Natasha
  2120 | D:3      | Reached XP level 5. HP: 29/33 MP: 5/5
  2239 | D:3      | Found a transporter.
  2260 | D:3      | Found an ancient bone altar of Kikubaaqudgha.
  2271 | D:3      | Found a transporter.
  2388 | D:3      | Found a bloodstained altar of Trog.
  2411 | D:3      | Found a bloodstained altar of Trog.
  2425 | D:3      | Reached *** piety under Trog
  2944 | D:4      | Found a staircase to the Ecumenical Temple.
  3077 | D:4      | Noticed an ice beast
  3093 | D:4      | HP: 12/51 [ice beast (9)]
  3095 | D:4      | Killed an ice beast
  3095 | D:4      | Reached skill level 5 in Fighting
  3095 | D:4      | Reached skill level 5 in Axes
  3095 | D:4      | Reached XP level 6. HP: 14/40 MP: 6/6
  3427 | D:4      | Got a faintly glowing quarterstaff
  3520 | D:4      | Noticed Turtleman12345's ghost (amateur DEWz)
  3550 | D:4      | Killed Turtleman12345's ghost
  3550 | D:4      | Reached XP level 7. HP: 20/44 MP: 7/7
  3770 | D:4      | Found a stormy altar of Qazlal.
  3886 | D:5      | Entered Level 5 of the Dungeon
  3930 | D:5      | Noticed Menkaure
  3945 | D:5      | Killed Menkaure
  3945 | D:5      | Reached skill level 6 in Axes
  4024 | D:5      | Reached skill level 6 in Fighting
  4321 | D:5      | Reached skill level 7 in Axes
  4328 | D:5      | Reached XP level 8. HP: 52/52 MP: 8/8
  4661 | D:5      | Found a hazy altar of Hepliaklqana.
  4663 | D:5      | Found a glowing golden altar of the Shining One.
  4912 | D:6      | Found a transporter.
  4917 | D:6      | Found a transporter.
  4923 | D:6      | Noticed a wizard
  4925 | D:6      | Found a basalt altar of Yredelemnul.
  4948 | D:6      | Reached skill level 7 in Fighting
  5225 | D:6      | Reached skill level 8 in Axes
  5300 | D:6      | Found a bloodstained altar of Trog.
  5309 | D:6      | Reached **** piety under Trog
  5440 | D:6      | HP: 5/53 [steam dragon/ball of steam (12)]
  5442 | D:6      | HP: 2/53 [steam dragon] (9)]
  5444 | D:6      | Killed from afar by a steam dragon

Skill      XL: |  1  2  3  4  5  6  7  8 |
---------------+-------------------------+-----
Axes           | 3 4 5 7 8 |  8.7
Fighting       | 4 5 6 7 |  7.6
Armour         | |  2.1
Dodging        | |  1.5

Action                   |  1- 3 |  4- 6 |  7- 9 || total
-------------------------+-------+-------+-------++-------
Melee: Hand axe          |   145 |   239 |   246 ||   630
Invok: Berserk           |       |     4 |     3 ||     7
  Use: Scroll            |       |       |     7 ||     7
       Potion            |       |       |     3 ||     3
  Eat: Chunk             |     2 |    10 |     6 ||    18
       Fruit             |       |       |     5 ||     5
Armor: Animal skin       |    31 |       |       ||    31
       Ring mail         |    28 |   115 |    27 ||   170
       Chain mail        |       |       |   135 ||   135
Dodge: Dodged            |   110 |   150 |   105 ||   365

Table legend:
 A = Turns spent in this place as a percentage of turns spent in the entire game.
 B = Non-inter-level travel turns spent in this place as a percentage of non-inter-level travel turns spent in the entire game.
 C = Inter-level travel turns spent in this place as a percentage of turns spent in this place.
 D = Turns resting spent in this place as a percentage of non-inter-level travel turns spent in this place.
 E = Turns spent auto-exploring this place as a percentage of non-inter-level travel turns spent in this place.
 F = Non-inter-level travel turns spent in this place divided by the number of levels of this place that you've seen.
                   A       B       C       D       E      F
               +-------+-------+-------+-------+-------+----------------------
         Total | 100.0 | 100.0 |   0.5 |   3.3 |   9.6 | 279.8
       Dungeon | 100.0 | 100.0 |   0.5 |   3.3 |   9.6 | 279.8
               +-------+-------+-------+-------+-------+----------------------

Table legend:
 A = Kills in this place as a percentage of kills in entire the game.
 B = Kills by you in this place as a percentage of kills by you in the entire game.
 C = Kills by friends in this place as a percentage of kills by friends in the entire game.
 D = Other kills in this place as a percentage of other kills in the entire game.
 E = Experience gained in this place as a percentage of experience gained in the entire game.
 F = Experience gained in this place divided by the number of levels of this place that you have seen.
                   A       B       C       D       E      F
               +-------+-------+-------+-------+-------+----------------------
         Total | 100.0 | 100.0 |  -nan |  -nan | 100.0 | 381.3
       Dungeon | 100.0 | 100.0 |  -nan |  -nan | 100.0 | 381.3
               +-------+-------+-------+-------+-------+----------------------
